 Dungeon Crawl Stone Soup version 0.19-a0-1166-g02d67b9 (webtiles) character file.

213 Duffy the Chopper (level 5, -2/49 HPs)
             Began as a Naga Fighter on Aug 15, 2016.
             Was a Follower of Trog.
             Slain by Tux's ghost (5 damage)
             ... on level 3 of the Dungeon.
             The game lasted 00:03:34 (3032 turns).

Duffy the Chopper (Naga Fighter)                    Turns: 3032, Time: 00:03:35

Health: -2/49      AC:  6    Str: 21 (24) XL:     5   Next: 90%
Magic:  5/5        EV:  3    Int:  5 (8)  God:    Trog [*.....]
Gold:   178        SH: 10    Dex:  9 (11) Spells: 0 memorised, 4 levels left

rFire  . . .     SeeInvis +     a - +0 war axe
rCold  . . .     Gourm    .     g - +0 chain mail
rNeg   . . .     Faith    .     c - +1 shield
rPois  +         Spirit   .     (no helmet)
rElec  .         Dismiss  .     (no cloak)
rCorr  .         Reflect  .     (no gloves)
MR     .....     Harm     .     (no barding)
Stlth  ..........               (no amulet)
                                (no ring)
                                (no ring)

@: mighty, very slightly contaminated, hasted, drained, quick
A: see invisible, deformed body, poison resistance, slowness 2, slow metabolism
1, spit poison 2, AC +1
a: Spit Poison, Berserk, Burn Spellbooks, Renounce Religion


You were on level 3 of the Dungeon.
You worshipped Trog.
Trog was aware of your devotion.
You were very hungry.

You visited 1 branch of the dungeon, and saw 3 of its levels.

You collected 178 gold pieces.


Innate Abilities, Weirdness & Mutations

You cannot wear boots.
Your serpentine skin is tough. (AC +1)
You have supernaturally acute eyesight. (SInv)
Armour fits poorly on your strangely shaped body.
Your system is resistant to poisons. (rPois)
You cover ground very slowly.
You have a slow metabolism.
You can spit poison.


   Skills:
 - Level 3.0(2.2) Fighting
 + Level 4.5(3.7) Axes
 - Level 2.4(1.6) Armour
 + Level 3.9(3.1) Shields


You had 4 spell levels left.
You didn't know any spells.

Inventory:

Hand Weapons
 a - a +0 war axe (weapon)
Armour
 b - a +0 scale mail
 c - a +1 shield (worn)
 g - a +0 chain mail (worn)
Scrolls
 e - a scroll of enchant armour
Comestibles
 f - 4 bread rations
 h - a meat ration
 n - 3 chunks of flesh

Dungeon Overview and Level Annotations

Branches:
Dungeon (3/15)

Altars:
Elyvilon
Makhleb
Trog
Uskayaw
Xom
The Shining One

Annotations:
D:3 Tux's ghost, amateur KoMo


Message History

Tux's ghost hits you but does no damage.
You miss Tux's ghost.
Tux's ghost is lightly damaged.
Tux's ghost hits you.
Tux's ghost hits you but does no damage.
You closely miss Tux's ghost.
Tux's ghost is lightly damaged.
You block Tux's ghost's attack.
Tux's ghost hits you but does no damage.
You miss Tux's ghost.
Tux's ghost is lightly damaged.
Tux's ghost hits you but does no damage.
You block Tux's ghost's attack.
You miss Tux's ghost.
Tux's ghost is lightly damaged.
Tux's ghost hits you but does no damage. x2
You miss Tux's ghost.
Tux's ghost is lightly damaged.
Tux's ghost hits you. You block Tux's ghost's attack.
It was a potion of berserk rage.
You're too exhausted to go berserk.
Tux's ghost hits you! x2
It was a potion of haste.
You feel yourself speed up.
You feel yourself speed up.
Tux's ghost hits you but does no damage.
You are very lightly contaminated with residual magic.
Okay, then.
It was a potion of degeneration.
There was something very wrong with that liquid.
You feel weakened.
You feel dopey.
You feel clumsy.
Tux's ghost hits you but does no damage.
You closely miss Tux's ghost.
Tux's ghost is lightly damaged.
Tux's ghost hits you but does no damage.
You completely miss Tux's ghost.
Tux's ghost is lightly damaged.
You block Tux's ghost's attack.
You closely miss Tux's ghost.
Tux's ghost is lightly damaged.
Tux's ghost hits you but does no damage.
You closely miss Tux's ghost. Tux's ghost hits you.
You closely miss Tux's ghost.
Press: ? - help, v - describe, . - travel
Here: Tux's ghost The floor.
Your shield and chain mail prevent you from hitting Tux's ghost.
Tux's ghost hits you.
You closely miss Tux's ghost.
You feel less exhausted. Tux's ghost hits you.
You die...

#.......#
##.8.8.8.#
........#
.......#
#.!....# ###
#_)....##
.....#.%.....#
#....W@.....#
#...........#
#....8.8.8..#
...#.........#
.# ###..####.#
#... .# ..## #
...


You could see Tux's ghost.

Action                   |  1- 3 |  4- 6 || total
-------------------------+-------+-------++-------
Melee: War axe           |   102 |   156 ||   258
Invok: Berserk           |       |     2 ||     2
 Abil: Spit Poison       |     2 |       ||     2
  Use: Scroll            |     4 |     3 ||     7
       Potion            |       |     5 ||     5
  Eat: Chunk             |     1 |     5 ||     6
Armor: Scale mail        |    55 |    34 ||    89
       Chain mail        |       |    39 ||    39
Dodge: Dodged            |    33 |    30 ||    63
Block: Shield            |    72 |    92 ||   164

Notes
Turn   | Place    | Note
-------+----------+-------------------------------------------
     0 | D:1      | Duffy the Naga Fighter began the quest for the Orb.
     0 | D:1      | Reached XP level 1. HP: 21/21 MP: 1/1
   314 | D:1      | Reached XP level 2. HP: 25/28 MP: 2/2
   572 | D:1      | Reached XP level 3. HP: 34/34 MP: 3/3
   871 | D:1      | Reached skill level 3 in Axes
  1058 | D:1      | Reached skill level 3 in Shields
  1419 | D:2      | Found a bloodstained altar of Trog.
  1424 | D:2      | Became a worshipper of Trog the Wrathful
  1496 | D:2      | Reached XP level 4. HP: 41/42 MP: 4/4
  2319 | D:3      | Reached * piety under Trog
  2320 | D:3      | Reached XP level 5. HP: 27/49 MP: 5/5
  2324 | D:3      | Reached skill level 4 in Axes
  2637 | D:3      | Found a white marble altar of Elyvilon.
  2647 | D:3      | Found a burning altar of Makhleb.
  2650 | D:3      | Found a glowing golden altar of the Shining One.
  2718 | D:3      | Found a shimmering altar of Xom.
  2989 | D:3      | Found a hide-covered altar of Uskayaw.
  2989 | D:3      | Noticed Tux's ghost (amateur KoMo)
  3032 | D:3      | Slain by Tux's ghost

Skill      XL: |  1  2  3  4  5 |
---------------+----------------+-----
Axes           | 3 4 |  4.5
Shields        | 3 |  3.9
Fighting       | |  3.0
Armour         | |  2.4

Vault maps used:
D:1:      lightli_arrival_flooded_house, minmay_misc_feat_enclosed,
          minmay_misc_feat_columns, minmay_rat_gold_closets
D:2:      marbit_many_paths, minmay_pentomino_r4
D:3:      overflow_temple_1_default, lemuel_doored_altar, minitemple,
          eat_drink_and_be_merry_uskayaw, first_bread

Vanquished Creatures
  An orc priest
  An orc wizard
  A hound zombie
  5 adders
  2 oozes
  3 worms
  A dart slug
  6 giant geckos
  3 orcs
  8 bats
  4 giant cockroaches
  5 goblins
  8 hobgoblins
  3 jackals
  8 kobolds
  A quokka
  3 giant newts
  13 rats
76 creatures vanquished.
